 Dungeon Crawl Stone Soup version 0.28.0-43-g3370ac3207 (webtiles) character file.

Game seed: 7103152930251290149

1801 Pemander the Thaumaturge (level 9, 0/58 HPs)
             Began as a Djinni Fire Elementalist on Mar 23, 2022.
             Was a Believer of Hepliaklqana.
             Slain by Maggie
             ... wielding the +9 lance "Wyrmbane" {slay drac, rPois rF+ rC+ AC+3}
              (23 damage)
             ... on level 7 of the Dungeon on Mar 24, 2022.
             The game lasted 00:11:39 (7558 turns).

Pemander the Thaumaturge (Djinni Fire Elementalist) Turns: 7558, Time: 00:11:40

Health: 0/58       AC:  4    Str:  7    XL:     9   Next: 30%
Gold:   294        EV: 13    Int: 27    God:    Hepliaklqana [**....] SH:  0 Dex: 20

rFire   + + .      SeeInvis .   D - +0 long sword (antimagic)
rCold   x . .      Faith    .   (no shield)
rNeg    . . .      Spirit   .   a - +0 robe
rPois   ∞          Reflect  .   l - +0 hat
rElec   .          Harm     .   g - +0 cloak
rCorr   .          Rampage  .   c - +0 pair of gloves
Will    .....                   (boots unavailable)
Stlth   ++........              (no amulet)
HPRegen 0.19/turn               k - +6 ring of dexterity
MPRegen 0.00/turn               x - +6 ring of intelligence

@: brilliant, flying, mesmerised
A: reduced essence, sickness immunity, fire resistance 2, cold vulnerability 1,
float, innate caster, HP casting, extra vitality 1
a: Renounce Religion, Recall Ancestor, Ancestor Identity


You were on level 7 of the Dungeon.
You worshipped Hepliaklqana.
Hepliaklqana was pleased with you.
You visited 1 branch of the dungeon, and saw 7 of its levels.

You collected 294 gold pieces.

Inventory:

Hand Weapons
 D - a +0 antimagic long sword (weapon)
Armour
 a - a +0 robe (worn)
 c - a +0 pair of gloves (worn)
 g - a +0 cloak (worn)
 l - a +0 hat (worn)
Jewellery
 k - a +6 ring of dexterity (left hand)
 x - a +6 ring of intelligence (right hand)
 z - a ring of resist corrosion
 A - a ring of fire
 C - a ring of positive energy
Wands
 t - a wand of polymorph (11)
 B - a wand of iceblast (7)
Scrolls
 d - 3 scrolls of identify {unknown}
 f - a scroll of amnesia {unknown}
 h - a scroll of blinking {unknown}
 i - 3 scrolls of teleportation {unknown}
 m - a scroll of fear {unknown}
 n - a scroll of acquirement {unknown}
 o - a scroll of noise {unknown}
 r - a scroll of torment {unknown}
 s - a scroll of fog {unknown}
 v - a scroll of enchant weapon {unknown}
 w - a scroll of silence {unknown}
 y - a scroll of vulnerability {unknown}
 E - a scroll of immolation {unknown}
Potions
 b - 4 potions of curing
 e - a potion of brilliance
 j - 2 potions of degeneration {unknown}
 p - a potion of lignification {unknown}
 q - a potion of might {unknown}
 u - a potion of magic {unknown}


   Skills:
 + Level 5.2 Fighting
 - Level 2.1 Dodging
 - Level 1.5 Stealth
 - Level 8.2 Spellcasting


You had 3 spell levels left.
You knew the following spells:

 Your Spells              Type           Power      Damage    Failure   Level
a - Foxfire               Conj/Fire      100%       2x1d9     1%          1
b - Scorch                Fire           100%       2d10      1%          2
c - Conjure Flame         Conj/Fire      70%        6-21      1%          3
d - Inner Flame           Hex/Fire       70%        N/A       1%          3
e - Flame Wave            Conj/Fire      70%        2d13      1%          4
f - Magic Dart            Conj           100%       1d8       1%          1
g - Poisonous Vapours     Pois/Air       100%       N/A       1%          2
h - Call Imp              Summ           70%        N/A       1%          2
i - Spider Form           Tmut/Pois      70%        N/A       1%          3
Your spell library was empty.

Dungeon Overview and Level Annotations

Branches:
Dungeon (7/15)             Temple (0/1) D:6

Altars:
Hepliaklqana
Makhleb
Qazlal
Sif Muna
Xom
Yredelemnul

Shops:
D:5 !

Annotations:
D:6 1 runed translucent door, GilGalad's ghost, novice DEFE
D:7 Maggie


Innate Abilities, Weirdness & Mutations

Your life essence is reduced to manifest your ancestor. (-10% HP)
You are immune to sickness and miasma.
You are immune to poison.
Your flesh is very heat resistant. (rF++)
You are vulnerable to cold. (rC-)
You float through the air rather than walking.
You learn spells naturally, not from books.
Your magical power is your life essence.
You have superior vitality. (+4 MHP)


Message History

Casting: Foxfire (safe; 1% risk of failure)
Confirm with . or Enter, or press ? or * to list all spells.
Flames lash Maggie.
Maggie is heavily wounded.
The foxfire hits Maggie but does no damage.
Maggie is heavily wounded.
The foxfire hits Maggie but does no damage.
Maggie is heavily wounded.
Maggie points at you and mumbles some strange words.
The bolt of fire hits you. You resist.
Plamen hits Maggie with a +0 flail.
Unknown command.
Casting: Scorch (safe; 1% risk of failure)
Confirm with . or Enter, or press ? or * to list all spells.
You conjure some foxfire!
An orc comes into view. It is wielding a +0 whip.
Plamen barely misses Maggie.
Maggie hits you from afar with the +9 lance "Wyrmbane" {slay drac, rPois rF+ rC+ AC+3}!
* * * LOW HITPOINT WARNING * * *
It was a potion of curing.
You feel better.
The foxfire hits Maggie but does no damage.
Maggie is severely wounded.
The foxfire hits Maggie but does no damage.
Maggie is severely wounded.
Maggie mumbles some strange words.
Maggie draws you further into her thrall.
Plamen hits Maggie with a +0 flail!
It was a potion of brilliance.
You feel clever all of a sudden.
Plamen hits Maggie with a +0 flail.
Maggie misses Plamen.
Okay, then.
You feel better.
Maggie is no longer more vulnerable to fire.
Plamen hits Maggie but does no damage.
Plamen blocks Maggie's attack.
Casting: Foxfire (safe; 1% risk of failure)
Confirm with . or Enter, or press ? or * to list all spells.
You feel a surge of power!
Flames lash Maggie but do no damage.
You hear a shout! x2
Plamen is smitten.
Maggie hits you from afar with the +9 lance "Wyrmbane" {slay drac, rPois rF+ rC+ AC+3}!!
You die...

.##...............
.......... ...... ##
.#........ .... ...
.........# #..# ....
.#.......# #..# .#..
....o....####..#####.#..
#..R...........##....#
#...@<@........#.....#
...........###........#
#..........'_#........#
####.###...###..###<###
#. #................# .
..................# .
...................#
<..........#..........#
...<.....#..........#


You could see the friendly Plamen the knight, Maggie (mesmerising, ally target)
and an orc.

Vanquished Creatures
  Duvessa (D:4)
  2 ice beasts
  4 ogres (D:5)
  A phantom (D:5)
  Blork the orc (D:5)
  A scorpion (D:4)
  Dowan (D:4)
  A howler monkey (D:5)
  A centaur zombie (D:6)
  Crazy Yiuf (D:4)
  An orc priest (D:4)
  4 hounds
  A bullfrog skeleton (D:6)
  4 iguanas
  2 orc wizards (D:4)
  Robin (D:2)
  9 adders
  7 gnolls
  4 white imps
  2 ufetubi
  3 worms (D:2)
  2 dart slugs
  6 orcs
  4 ball pythons
  6 bats
  6 endoplasms
  5 giant cockroaches
  16 goblins
  13 hobgoblins
  3 jackals (D:1)
  A quokka (D:1)
  3 frilled lizards
  5 kobolds
  4 rats
126 creatures vanquished.

Vanquished Creatures (collateral kills)
  A sky beast (D:6)
  A water moccasin zombie (D:6)
  A bullfrog zombie (D:6)
  A bullfrog skeleton (D:6)
4 creatures vanquished.

Vanquished Creatures (others)
  An ancestor (D:5)
  127 foxfires
128 creatures vanquished.

Grand Total: 258 creatures vanquished

Notes
Turn   | Place    | Note
-------+----------+-------------------------------------------
     0 | D:1      | Pemander the Djinni Fire Elementalist began the quest for
                  | the Orb.
     0 | D:1      | Reached XP level 1. HP: 15/15 MP: 0/0
   194 | D:1      | Reached XP level 2. HP: 12/21 MP: 0/0
   457 | D:1      | Reached skill level 3 in Spellcasting
   668 | D:1      | Reached XP level 3. HP: 24/25 MP: 0/0
   668 | D:1      | Learned a level 1 spell: Magic Dart
  1059 | D:1      | Found a faded altar of an unknown god.
  1244 | D:2      | Noticed Robin
  1250 | D:2      | Killed Robin
  1251 | D:2      | Reached XP level 4. HP: 20/31 MP: 0/0
  1880 | D:2      | Reached skill level 4 in Spellcasting
  2014 | D:2      | Reached XP level 5. HP: 9/35 MP: 0/0
  2014 | D:2      | Learned a level 2 spell: Poisonous Vapours
  3353 | D:3      | Reached XP level 6. HP: 24/40 MP: 0/0
  3513 | D:3      | Found a hazy altar of Hepliaklqana.
  3525 | D:3      | Became a worshipper of Hepliaklqana the Forgotten
  3845 | D:4      | Reached skill level 5 in Spellcasting
  4631 | D:4      | Noticed Duvessa
  4633 | D:4      | Noticed Dowan
  4638 | D:4      | Killed Duvessa
  4639 | D:4      | Reached XP level 7. HP: 33/45 MP: 0/0
  4639 | D:4      | Learned a level 2 spell: Call Imp
  4641 | D:4      | Killed Dowan
  4909 | D:4      | Reached skill level 6 in Spellcasting
  5284 | D:4      | Found a runed translucent door.
  5285 | D:4      | Noticed Crazy Yiuf
  5326 | D:4      | Killed Crazy Yiuf
  5451 | D:4      | Reached * piety under Hepliaklqana
  5790 | D:5      | Entered Level 5 of the Dungeon
  5795 | D:5      | Reached XP level 8. HP: 42/45 MP: 0/0
  5870 | D:5      | Reached skill level 7 in Spellcasting
  5944 | D:5      | Found Deurugg's Distillery.
  6099 | D:5      | Noticed Blork the orc
  6106 | D:5      | Killed Blork the orc
  6255 | D:5      | Reached skill level 8 in Spellcasting
  6266 | D:5      | Found a stormy altar of Qazlal.
  6267 | D:5      | Noticed an air elemental
  6273 | D:5      | Noticed a fire elemental
  6306 | D:5      | Found a burning altar of Makhleb.
  6446 | D:5      | Noticed a water elemental
  6490 | D:5      | Reached skill level 1 in Fighting
  6689 | D:6      | Reached XP level 9. HP: 47/53 MP: 0/0
  6689 | D:6      | Learned a level 3 spell: Spider Form
  6788 | D:6      | Found a runed translucent door.
  6788 | D:6      | Found a shimmering altar of Xom.
  6788 | D:6      | Noticed GilGalad's ghost (novice DEFE)
  6788 | D:6      | Noticed a +2 rapier of chaos
  6860 | D:6      | Reached ** piety under Hepliaklqana
  6862 | D:6      | Remembered your ancestor Plamen as a knight
  7135 | D:6      | Reached skill level 5 in Fighting
  7333 | D:6      | Found a staircase to the Ecumenical Temple.
  7540 | D:7      | Found a basalt altar of Yredelemnul.
  7541 | D:7      | Noticed Maggie
  7558 | D:7      | Slain by Maggie

Illustrated notes

Levels and vault maps discovered:
D:1:      heliophobic_arrival_dark_side_of_the_moon, layout_loops_ring,
          shapermc_ecumenical_altar_mp_vishouse, kennysheep_boxes
D:2:      layout_basic, uniq_robin
D:3:      layout_loops_corners, mainiacjoe_overflow_small_starburst
D:4:      layout_basic, mainiacjoe_overflow_alcove_1, uniq_crazy_yiuf_cottage,
          uniq_duvessa
D:5:      layout_cave_pools, makhleb_blood_cavern_becter,
          nicolae_qazlal_style_of_elements, serial_shops,
          nicolae_shop_temple_entry_statues_fountains, uniq_blork_the_orc
D:6:      layout_basic, minmay_temple_entry_glassed_door, ebering_ghost_xom
D:7:      layout_rooms, kennysheep_mini_moat, chequers_serial_rivers_micro_a,
          uniq_pikel, uniq_maggie

Skill      XL: |  1  2  3  4  5  6  7  8  9 |
---------------+----------------------------+-----
Spellcasting   | 3 4 5 6 8 |  8.2
Fighting       | 2 5 |  5.2
Dodging        | |  2.1
Stealth        | |  1.5

Action                   |  1- 3 |  4- 6 |  7- 9 || total
-------------------------+-------+-------+-------++-------
Melee: Unarmed           |     1 |       |     1 ||     2
 Cast: Foxfire           |    44 |    34 |     5 ||    83
       Scorch            |     3 |    57 |    77 ||   137
       Conjure Flame     |       |     5 |     2 ||     7
       Poisonous Vapours |       |       |     9 ||     9
Invok: Recall Ancestor   |       |       |     1 ||     1
       Ancestor Life: Kn |       |       |     1 ||     1
  Use: Potion            |       |       |     3 ||     3
Armor: Robe              |     5 |     2 |     6 ||    13
Dodge: Dodged            |    17 |     6 |    17 ||    40
